 Dungeon Crawl Stone Soup version 0.28-a0-691-gad6df49e81 (webtiles) character file.

Game seed: 2545833877597769324

560367 ytrimaz the Invulnerable (level 27, -12/240 HPs)
             Began as a Formicid Fighter on Oct 20, 2021.
             Was an Elder of Okawaru.
             Mangled by an emperor scorpion (14 damage)
             ... summoned by a royal mummy
             ... on level 11 of a ziggurat on Oct 21, 2021.
             The game lasted 02:42:07 (58004 turns).

ytrimaz the Invulnerable (Formicid Fighter)        Turns: 58004, Time: 02:42:07

Health: -12/240    AC: 53    Str: 38      XL:     27
Magic:  32/32      EV: 18    Int: 14      God:    Okawaru [****..]
Gold:   8612       SH: 28    Dex:  9 (10) Spells: 26/26 levels left

rFire   + + .      SeeInvis +   i - +9 executioner's axe (venom)
rCold   + + +      Faith    .   A - +8 tower shield {rC+}
rNeg    + + +      Spirit   .   Y - +12 gold dragon scales
rPois   +          Reflect  .   (helmet unavailable)
rElec   +          Harm     .   c - +1 cloak of Starlight {*Dazzle EV+4 Stlth--}
rCorr   +          Rampage  +   J - +4 pair of gloves of Refuge {-Cast rElec rN+ Dex+2}
Will    ++++.      NoCast   +   Z - +2 pair of boots {rampage}
Stlth   ..........              Q - amulet "Osig" {Fragile +Inv rPois rN+++ Regen+}
HPRegen 1.50/turn               H - ring of Youthful Indiscretion {Str+3 Slay+4}
MPRegen 0.23/turn               r - ring of the Mage {Wiz Will++ Int+3}

@: mighty, lethally poisoned (-12 -> -18), resistant, heroic, very slightly
contaminated, studying 3 skills, invisible (expiring), unable to read
A: permanent stasis, dig shafts and tunnels, antennae 3, four strong arms,
talons 1, clever 1, clumsy 1, shaggy fur 1, strong 1, subdued magic 1, inability
to read while threatened
}: 4/15 runes: barnacled, slimy, silver, gossamer
a: Dig, Shaft Self, Renounce Religion, Evoke Invisibility, Heroism, Finesse


You were on level 11 of a ziggurat.
You worshipped Okawaru.
Okawaru was greatly pleased with you.
You visited 9 branches of the dungeon, and saw 48 of its levels.
You visited 1 ziggurat, and saw 11 of its levels.
You also visited: Sewer, Gauntlet, Ice Cave, Volcano and Wizlab.

You collected 10718 gold pieces.
You spent 2106 gold pieces at shops.

Inventory:

Hand Weapons
 a - a +2 war axe of venom
 i - a +9 executioner's axe of venom (weapon)
 o - a +6 battleaxe of electrocution
 q - a +3 war axe of flaming
 K - the +10 long sword of the Other Side {drain, +Blink rF+}
   (You found it in a Gauntlet)

   A truly terrible weapon, it drains the life of any living foe it strikes.
   rF:        It protects you from fire.
   +Blink:    It lets you blink.
 O - a +2 executioner's axe of flaming
 P - a +6 eudemon blade of holy wrath
 X - the +11 broad axe "Ogreslayer" {drain, rF+ Int+3 Dex+6}
   (You bought it in a shop on level 2 of the Orcish Mines)

   A truly terrible weapon, it drains the life of any living foe it strikes.
   Int:       It affects your intelligence (+3).
   Dex:       It affects your dexterity (+6).
   rF:        It protects you from fire.
Armour
 c - the +1 cloak of Starlight (worn) {*Dazzle EV+4 Stlth--}
   (You found it in a wizard's laboratory)

   It may blind those who miss an attack against the wearer in melee combat.
   EV:        It affects your evasion (+4).
   Stlth:     It makes you much less stealthy.
 n - a +2 cloak of preservation
 A - a +8 tower shield of cold resistance (worn)
 C - the +13 crystal plate armour of Gravitas {SInv}
   (Okawaru gifted it to you on level 9 of the Dungeon)

   SInv:      It lets you see invisible.
 J - the +4 pair of gloves of Refuge (worn) {-Cast rElec rN+ Dex+2}
   (Okawaru gifted it to you on level 3 of the Spider Nest)

   Dex:       It affects your dexterity (+2).
   rElec:     It insulates you from electricity.
   rN:        It protects you from negative energy.
   -Cast:     It prevents spellcasting.
 N - a +2 cloak of willpower
 Y - +12 gold dragon scales (worn)
 Z - a +2 pair of boots of rampaging (worn)
Jewellery
 e - a ring of positive energy
 g - the amulet of Gedojotufu {RegenMP rPois rC+ Dex-4 SInv}
   (You found it on level 5 of the Pits of Slime)

   [amulet of magic regeneration]

   It increases your rate of magic regeneration.
   Dex:       It affects your dexterity (-4).
   rC:        It protects you from cold.
   rPois:     It protects you from poison.
   SInv:      It lets you see invisible.
 r - the ring of the Mage (right hand) {Wiz Will++ Int+3}
   (You found it on level 1 of the Elven Halls)

   [ring of wizardry]

   It improves your spell success rate.
   Int:       It affects your intelligence (+3).
   Will:      It greatly increases your willpower.
 s - a ring of positive energy
 H - the ring of Youthful Indiscretion (left hand) {Str+3 Slay+4}
   (You took it off a deep elf elementalist on level 3 of the Elven Halls)

   [ring of slaying]

   Str:       It affects your strength (+3).
   Slay:      It affects your accuracy & damage with ranged weapons and melee
   (+4).
 Q - the amulet "Osig" (around neck) {Fragile +Inv rPois rN+++ Regen+}
   (You took it off a deep elf master archer on level 3 of the Elven Halls)

   [amulet of regeneration]

   rPois:     It protects you from poison.
   rN:        It renders you almost immune to negative energy.
   +Inv:      It lets you turn invisible.
   Regen:     It increases your rate of health regeneration.
   Fragile:   It will be destroyed if unequipped.
 S - a ring of positive energy
 V - the ring "Piecru Fiovo" {Contam rN++ Will+}
   (You found it on level 10 of a ziggurat)

   [ring of willpower]

   rN:        It greatly protects you from negative energy.
   Contam:    It causes magical contamination when unequipped.
   Will:      It increases your willpower.
Wands
 d - a wand of flame (109)
 j - a wand of iceblast (109)
 w - a wand of acid (45)
 y - a wand of polymorph (31)
 B - a wand of paralysis (31)
 F - a wand of digging (21)
 L - a wand of mindburst (11)
Scrolls
 l - 7 scrolls of amnesia
 m - 3 scrolls of holy word
 p - 6 scrolls of fear
 v - 4 scrolls of silence
 G - 5 scrolls of fog
 M - 18 scrolls of identify
 T - 11 scrolls of magic mapping
Potions
 b - 6 potions of cancellation
 f - 20 potions of curing
 h - a potion of might
 k - 2 potions of invisibility
 t - 9 potions of attraction
 x - 4 potions of mutation
 E - 8 potions of magic
 I - 8 potions of lignification
 R - 5 potions of flight
 U - 4 potions of brilliance
 W - a potion of ambrosia


   Skills:
 + Level 24.4(27) Fighting
 - Level 24.0(27) Axes
 - Level 0.6(5.6) Staves
 - Level 0.5(5.5) Bows
 - Level 0.6(5.6) Crossbows
 O Level 27 Armour
 * Level 15.4(20.4) Dodging
 - Level 15.0(20.0) Shields
 - Level 0.5 Conjurations
 - Level 0.9 Hexes
 - Level 0.8 Summonings
 - Level 1.0 Necromancy
 - Level 0.3 Translocations
 - Level 0.8 Transmutations
 - Level 0.6 Fire Magic
 - Level 1.0 Ice Magic
 - Level 0.4 Air Magic
 - Level 0.8 Earth Magic
 - Level 0.7 Poison Magic
 - Level 12.0 Invocations


You had 26 spell levels left.
You didn't know any spells.
Your spell library contained the following spells:

 Spells                   Type           Power      Damage    Failure   Level
 Freeze                   Ice            8%         1d3       26%         1
 Pain                     Necr           8%         1d4       26%         1
 Beastly Appendage        Tmut           2%         N/A       28%         1
 Sandblast                Erth           2%         2d4       28%         1
 Sting                    Tmut/Pois      4%         1d3       28%         1
 Foxfire                  Conj/Fire      4%         2x1d4     30%         1
 Magic Dart               Conj           4%         1d3       30%         1
 Apportation              Tloc           0%         N/A       32%         1
 Shock                    Conj/Air       4%         1d3       32%         1
 Corpse Rot               Necr/Air       2%         N/A       38%         2
 Ensorcelled Hibernation  Hex/Ice        4%         N/A       38%         2
 Passwall                 Tmut/Erth      0%         N/A       38%         2
 Slow                     Hex            2%         N/A       38%         2
 Poisonous Vapours        Pois/Air       2%         N/A       41%         2
 Static Discharge         Conj/Air       1%         N/A       43%         2
 Confusing Touch          Hex            2%         N/A       58%         3
 Frozen Ramparts          Ice            4%         1d2       58%         3
 Ozocubu's Armour         Ice            2%         N/A       58%         3
 Vampiric Draining        Necr           1%         2d6       58%         3
 Ignite Poison            Fire/Tmut/Pois 1%         N/A       63%         3
 Inner Flame              Hex/Fire       1%         N/A       63%         3
 Spider Form              Tmut/Pois      0%         N/A       63%         3
 Conjure Flame            Conj/Fire      1%         6-21      65%         3
 Mephitic Cloud           Conj/Pois/Air  1%         N/A       65%         3
 Portal Projectile        Hex/Tloc       2%         N/A       65%         3
 Stone Arrow              Conj/Erth      2%         3d7       65%         3
 Gell's Gravitas          Tloc           0%         N/A       67%         3
 Lesser Beckoning         Tloc           0%         N/A       67%         3
 Teleport Other           Tloc           0%         N/A       67%         3
 Dispel Undead            Necr           2%         3d7       92%         4
 Ice Form                 Ice/Tmut       2%         N/A       93%         4
 Fulminant Prism          Conj/Hex       0%         3d6       95%         4
 Hailstorm                Conj/Ice       1%         3d3       95%         4
 Olgreb's Toxic Radiance  Pois           1%         N/A       95%         4
 Petrify                  Tmut/Erth      1%         N/A       95%         4
 Airstrike                Air            0%         N/A       96%         4
 Flame Wave               Conj/Fire      1%         3d3       96%         4
 Iskenderun's Mystic Bla  Conj/Tloc      0%         2d3       96%         4
 Passage of Golubria      Tloc           0%         N/A       96%         4
 Sticky Flame             Conj/Fire      1%         2d3       96%         4
 Agony                    Necr           2%         N/A       99%         5
 Excruciating Wounds      Necr           1%         N/A       99%         5
 Metabolic Englaciation   Hex/Ice        1%         N/A       99%         5
 Alistair's Intoxication  Tmut/Pois      0%         N/A       100%        5
 Blade Hands              Tmut           0%         N/A       100%        5
 Borgnjor's Vile Clutch   Necr/Erth      0%         N/A       100%        5
 Fireball                 Conj/Fire      0%         3d3       100%        5
 Iskenderun's Battlesphe  Conj           1%         2d6       100%        5
 Lee's Rapid Deconstruct  Erth           0%         3d5*      100%        5
 Lightning Bolt           Conj/Air       0%         1d11      100%        5
 Manifold Assault         Tloc           0%         N/A       100%        5
 Silence                  Hex/Air        0%         N/A       100%        5
 Yara's Violent Unravell  Hex/Tmut       0%         3d3       100%        5
 Conjure Ball Lightning   Conj/Air       0%         3x3d6     100%        6
 Dispersal                Tloc           0%         N/A       100%        6
 Eringya's Noxious Bog    Tmut/Pois      0%         N/A       100%        6
 Invisibility             Hex            1%         N/A       100%        6
 Iron Shot                Conj/Erth      0%         9d1       100%        6
 Starburst                Conj/Fire      0%         6d3       100%        6
 Statue Form              Tmut/Erth      0%         N/A       100%        6
 Orb of Destruction       Conj           0%         N/A       100%        7
 Ozocubu's Refrigeration  Ice            1%         4d5       100%        7
 Ignition                 Fire           0%         3d3       100%        8
 Lehudib's Crystal Spear  Conj/Erth      0%         10d2      100%        8
 Necromutation            Tmut/Necr      1%         N/A       100%        8
 Chain Lightning          Conj/Air       0%         2d1       100%        9
 Fire Storm               Conj/Fire      0%         6d1       100%        9
 Shatter                  Erth           0%         3d5*      100%        9
 Animate Skeleton         Necr           Unusable   N/A       N/A         1
 Summon Small Mammal      Summ           Unusable   N/A       N/A         1
 Call Imp                 Summ           Unusable   N/A       N/A         2
 Blink                    Tloc           Unusable   N/A       N/A         2
 Summon Guardian Golem    Hex/Summ       Unusable   N/A       N/A         3
 Swiftness                Air            Unusable   N/A       N/A         3
 Animate Dead             Necr           Unusable   N/A       N/A         4
 Summon Ice Beast         Ice/Summ       Unusable   N/A       N/A         4
 Animate Armour           Summ/Erth      Unusable   N/A       N/A         4
 Summon Lightning Spire   Summ/Air       Unusable   N/A       N/A         4
 Summon Forest            Summ/Tloc      Unusable   N/A       N/A         5
 Death Channel            Necr           Unusable   N/A       N/A         6
 Simulacrum               Ice/Necr       Unusable   N/A       N/A         6
 Spellforged Servitor     Conj/Summ      Unusable   N/A       N/A         7
 Summon Hydra             Summ           Unusable   N/A       N/A         7
 Infestation              Necr           Unusable   N/A       N/A         8

Dungeon Overview and Level Annotations

Branches:
Dungeon (15/15)            Temple (0/1) D:5            Lair (6/6) D:9
 Shoals (4/4) Lair:4       Spider (4/4) Lair:4        Slime (5/5) Lair:5
    Orc (2/2) D:12            Elf (3/3) Orc:2        Vaults (5/5) D:13
  Crypt (0/3) Vaults:2     Depths (4/4) D:15            Zot (0/5) Depths:4
  Sewer (visited)           IceCv (visited)         Volcano (visited)
 WizLab (visited)         Gauntlet (visited)

Altars:
Ashenzari
Dithmenos
Fedhas
Gozag
Hepliaklqana
Kikubaaqudgha
Okawaru
Qazlal
Ru
Sif Muna
Trog
Uskayaw
Vehumet
Yredelemnul
Zin
Beogh

Shops:
D:2 [   D:3 !   D:6 *   D:9 :   Orc:2 *([=   Elf:1 [=!   Shoals:1 [*
Shoals:3 *   Vaults:1 [   Vaults:3 (   Vaults:4 [=:[   Vaults:5 !=   Depths:4 *

Portals:
Hell: Depths:1 Depths:2 Depths:3 Depths:4
Abyss: Depths:1 Depths:3 Depths:4
Pandemonium: Depths:2


Innate Abilities, Weirdness & Mutations

You cannot be hasted, slowed, berserked, paralysed or teleported.
You can dig through walls and to a lower floor.
You have a pair of large antennae on your head. (SInv)
Your four strong arms can wield two-handed weapons with a shield.
You have sharp toenails.
Your mind is acute. (Int +2)
You are clumsy. (Dex -2)
You are covered in fur. (AC +1)
Your muscles are strong. (Str +2)
Your spells are a little easier to cast, but a little less powerful.
You sometimes lose the ability to read scrolls when taking damage.


Message History

You slash the mummy! You slice the golden dragon zombie!!
You are engulfed in dark miasma.
You are lethally poisoned!
* * * LOW HITPOINT WARNING * * *
x2 You feel extremely sick.
You block the emperor scorpion's attack.
The emperor scorpion claws you but does no damage.
The emperor scorpion misses you.
You block the emperor scorpion's attack.
The emperor scorpion barely misses you.
You block the emperor scorpion's attack.
The royal mummy calls on the powers of darkness!
The emperor scorpion convulses! x3; Your body is wracked with pain!
* * * LOW HITPOINT WARNING * * *
The emperor scorpion convulses!
You feel better.
You are engulfed in dark miasma.
You are lethally poisoned!
Your stasis prevents you from being slowed.
* * * LOW HITPOINT WARNING * * *
x2 You feel very sick.
You block the emperor scorpion's attack.
The emperor scorpion misses you.
The emperor scorpion claws you but does no damage.
You block the emperor scorpion's attack.
The emperor scorpion barely misses you.
The emperor scorpion closely misses you.
You block the mummy's attack.
Okay, then.
Unknown command.
Unknown command.
Press: ? - help, v - describe, . - travel
Here: a royal mummy (foul pestilence)
The floor.
Unknown command.
You feel better.
You are engulfed in dark miasma.
You are poisoned.
* * * LOW HITPOINT WARNING * * *
x2 You feel very sick.
You block the ushabti's attack. The emperor scorpion stings you!
You die...

▓..............
▓.................
▓∩................
▓.....nW..........
▓...W..s.Z........
▓....4488.V...88..
▓...MW.88ZM...88..
▓▓▓▓▓▓▓VMsM9Z...▓
▓.Ms@.....▓
▓...○s....▓
▓▓▓▓▓▓▓▓▓▓▓


You could see a royal mummy, 4 emperor scorpions, a mummy priest, 2 flayed
ghosts, a guardian mummy, an ushabti, a spectral glowing shapeshifter
(summoned), 2 vampires, a wraith (summoned), 2 red devils, a necrophage
(summoned), 2 mummies, a golden dragon zombie and a golden dragon skeleton
(summoned, wandering).

Vanquished Creatures
  the Royal Jelly (Arena)
  A dread lich (Depths:3)
  Mennas (Depths:3)
  A juggernaut (Depths:4)
  3 royal mummies
  2 shard shrikes (Zig:8)
  3 Killer Klowns (Zig:9)
  The ghost of Vuagy the Hoplite, a veteran MiFi of Okawaru (Depths:4)
  Saint Roka (Arena)
  Nikola (Depths:2)
  4 golden dragons
  A Tzitzimitl (Zig:7)
  2 pandemonium lords
  2 hellephants (Depths:2)
  Jorgrun (Spider:2)
  3 Ice Fiends
  5 tentacled monstrosities
  2 liches
  2 deep elf master archers (Elf:3)
  2 quicksilver dragons
  A walking divine tome (Depths:3)
  3 titans
  2 deep elf blademasters
  2 walking frostbound tomes
  Gastronok (D:11)
  An ancient champion (Vaults:2)
  12 acid blobs
  A kraken (Shoals:3)
  8 sphinxes
  Frances (D:12)
  2 tentacled starspawn
  A storm dragon (Vaults:5)
  9 tengu reavers
  11 shadow dragons
  9 azure jellies
  6 rockslimes
  A fenstrider witch (shapeshifter) (Zig:9)
  13 fire giants
  A rockslime (shapeshifter) (Vaults:5)
  2 revenants (Zig:5)
  3 orc warlords
  A demonspawn warmonger (Zig:7)
  Aizul (Elf:3)
  17 vault wardens
  6 ghost moths
  6 deep elf sorcerers
  A draconian shifter (WizLab)
  The ghost of porpoise the Eclecticist, an adept DECj of Vehumet (Elf:1)
  13 frost giants
  4 iron dragons (Vaults:5)
  An angel (Zig:10)
  A caustic shrike zombie (Depths:3)
  6 emperor scorpions
  A draconian stormcaller (Depths:4)
  3 spriggan defenders
  19 ironbound preservers
  16 very ugly things
  3 deep elf elementalists (Elf:3)
  2 reapers
  5 war gargoyles
  6 quicksilver oozes
  17 stone giants
  5 deep elf demonologists
  2 green draconians
  An entropy weaver (shapeshifter) (Elf:3)
  10 vampire knights
  A black draconian (Depths:4)
  A minotaur (Gauntlet)
  12 deep elf annihilators
  A demonspawn black sun (Zig:7)
  8 entropy weavers
  3 white draconians
  A spark wasp (shapeshifter) (Vaults:5)
  3 blizzard demons
  2 wendigos (Zig:8)
  The ghost of Xisuv the Fighter, a journeyman MiDe of Jiyva (D:14)
  6 spark wasps
  11 dire elephants
  Snorg (D:10)
  9 ettins
  7 deep elf death magi
  5 merfolk javelineers
  3 crystal guardians (Vaults:4)
  5 merfolk impalers
  14 yaktaur captains
  8 deep elf high priests
  6 mummy priests
  6 fire dragons
  10 ironbound thunderhulks
  10 great orbs of eyes
  Harold (D:10)
  34 vault guards
  6 ice dragons
  5 boulder beetles
  The ghost of Cancer the Geomancer, a journeyman GrEE of Vehumet (D:12)
  3 peacekeepers
  A catoblepas (Lair:6)
  10 hydras
  6 rakshasas
  A merfolk avatar (Shoals:4)
  2 ogre magi
  3 merfolk aquamancers
  11 ironbound frosthearts
  2 centaur warriors
  14 two-headed ogres
  2 death knights
  4 satyrs
  3 alligator snapping turtles (Shoals:4)
  A deep troll earth mage (Depths:3)
  30 dancing weapons
  3 tengu warriors
  4 death scarabs
  6 deep troll shamans
  4 vampire magi
  8 hell hogs (Depths:2)
  An orc high priest (Orc:2)
  8 death yaks
  2 thrashing horrors
  20 deep elf knights
  Urug (Lair:2)
  2 spriggans (Depths:4)
  6 spriggan berserkers
  A soul eater (Depths:3)
  5 hell knights
  2 iron trolls
  An iron troll (shapeshifter) (Zig:9)
  5 skeletal warriors
  3 wretched stars (Zig:10)
  3 shadow wraiths
  A spark wasp zombie (Depths:3)
  7 sea snakes
  A sea snake (shapeshifter) (Vaults:5)
  3 glowing orange brains
  A glowing orange brain (shapeshifter) (Zig:3)
  16 deep elf archers
  42 deep trolls
  A spatial maelstrom (Zig:10)
  15 ironbound convokers
  2 flayed ghosts
  4 obsidian statues
  9 lindwurms
  12 wizards
  6 phantasmal warriors
  25 deep elf zephyrmancers
  8 orc knights
  An orange crystal statue (Zig:6)
  26 orb spiders
  A tengu zombie (D:15)
  38 deep elf pyromancers
  7 necromancers
  3 orc sorcerers
  An oklob plant (Lair:1)
  12 manticores
  16 ugly things
  A stone giant zombie (D:15)
  25 wolf spiders
  5 moths of wrath
  7 shining eyes
  7 cyclopes
  25 fauns
  3 elephants (Lair:6)
  4 black mambas
  A stone giant skeleton (Vaults:3)
  2 worldbinders (WizLab)
  10 merfolk sirens
  10 vault sentinels
  A black mamba (shapeshifter) (Vaults:5)
  A guardian serpent (Zig:10)
  Joseph (Lair:1)
  A naga mage (Vaults:2)
  3 ice statues
  3 apocalypse crabs
  3 eyes of devastation (Slime:5)
  5 torpor snails
  6 cane toads
  3 gargoyles
  6 water nymphs
  An orange demon (WizLab)
  An unseen horror (D:12)
  Psyche (D:8)
  3 efreet
  A hellion (Zig:8)
  5 rime drakes
  5 freezing wraiths
  20 demonic crawlers
  2 yaktaur skeletons
  5 tengu conjurers
  2 human zombies
  A spectral glowing shapeshifter (Depths:3)
  A yaktaur zombie (Vaults:3)
  15 yaktaurs
  A yaktaur (shapeshifter) (Vaults:4)
  7 ice devils (IceCv)
  11 komodo dragons
  A spriggan skeleton (D:15)
  7 guardian mummies
  An entropy weaver simulacrum (IceCv)
  38 merfolk
  A troll (Orc:1)
  2 ancient zymes (Zig:6)
  4 harpy zombies (Shoals:4)
  A red devil (WizLab)
  3 polar bears
  A polar bear (shapeshifter) (Elf:2)
  A wind drake (shapeshifter) (Depths:2)
  3 wind drakes
  4 raiju
  3 meliai (D:13)
  31 jumping spiders
  3 hornets
  A spriggan zombie (D:15)
  11 dream sheep
  81 slime creatures
  10 snapping turtles
  14 blink frogs
  A slime creature (shapeshifter) (Depths:1)
  A stone giant simulacrum (Vaults:3)
  An ettin zombie (Vaults:3)
  A human simulacrum (Vaults:3)
  2 flying skulls (Zig:4)
  20 tarantellas
  3 ushabtiu
  Sigmund (D:2)
  A ynoxinul (WizLab)
  67 redbacks
  3 air elementals
  79 yaks
  20 water elementals
  A wyvern (shapeshifter) (D:13)
  10 wyverns
  A vampire (D:13)
  7 fire elementals
  4 shadows
  Eustachio (D:4)
  An elf simulacrum (Vaults:2)
  13 basilisks
  19 humans (D:13)
  3 wraiths
  A golden eye (Gauntlet)
  2 vampire mosquitoes (D:14)
  2 steam dragons
  4 chaos spawn
  7 large abominations
  3 spatial vortices (WizLab)
  2 wargs (Orc:2)
  A two-headed ogre zombie (D:12)
  2 acid dragons
  3 floating eyes
  22 water moccasins
  4 hell hounds
  20 orc warriors
  A sky beast (D:8)
  An ice beast (D:5)
  2 manticore zombies (Shoals:4)
  2 black bears (D:7)
  14 starcursed masses (Zig:10)
  4 ogres
  11 boggarts
  23 wolves
  3 necrophages
  11 centaurs
  12 bullfrogs
  4 kobold brigands
  A gnoll sergeant (D:9)
  A glowing shapeshifter simulacrum (Vaults:2)
  3 scorpions
  A cane toad simulacrum (IceCv)
  2 two-headed ogre simulacra (IceCv)
  2 wyvern zombies (D:7)
  2 earth elementals (Elf:3)
  3 elephant simulacra (IceCv)
  3 troll zombies (D:12)
  8 killer bees
  A water moccasin skeleton (D:5)
  An electric eel (Spider:3)
  5 howler monkeys
  A crimson imp (Spider:4)
  9 centaur zombies
  16 orc priests
  3 bullfrog zombies
  5 hounds
  6 jellies
  2 bullfrog skeletons
  3 centaur skeletons
  Jessica (D:3)
  6 iguanas
  19 orc wizards
  Natasha (twice) (D:2)
  4 hell rats
  2 troll simulacra (IceCv)
  4 wolf simulacra (IceCv)
  2 small abominations (WizLab)
  A spriggan simulacrum (IceCv)
  3 killer bee zombies
  4 ogre zombies (D:12)
  A hound zombie (D:4)
  9 mummies
  2 howler monkey zombies
  13 gnolls
  9 adders
  3 naga simulacra (IceCv)
  A shadow imp (D:8)
  17 white imps
  An ufetubus (IceCv)
  2 adder skeletons (D:4)
  4 worms
  3 dart slugs (D:1)
  55 orcs
  6 bats
  A bat zombie (Shoals:4)
  13 endoplasms
  13 giant cockroaches
  6 hobgoblins
  27 kobolds
  14 quokkas
  19 ball pythons
  17 frilled lizards
  7 goblins
  3 goblin zombies (D:12)
  3 hobgoblin zombies (D:12)
  5 orc skeletons (D:12)
  12 orc zombies (D:12)
  5 rats
  3 bushes
  4 starspawn tentacles
  3 tentacles (Shoals:3)
2158 creatures vanquished.

Vanquished Creatures (others)
  An eldritch tentacle (WizLab)
  A fire giant (Depths:3)
  A deep elf demonologist (Elf:3)
  3 deep elf knights
  2 deep elf zephyrmancers
  A wizard (D:4)
  A merfolk (Shoals:4)
  A redback (Spider:4)
  A centaur (Shoals:4)
  A centaur zombie (D:9)
  2 orc zombies (D:12)
  A bush (Lair:6)
  14 demonic plants (Gauntlet)
  33 fungi
  226 plants
  3 starspawn tentacles
  2 tentacles (Shoals:3)
  6 withered plants (D:15)
300 creatures vanquished.

Grand Total: 2458 creatures vanquished

Notes
Turn   | Place    | Note
-------+----------+-------------------------------------------
     0 | D:1      | ytrimaz the Formicid Fighter began the quest for the Orb.
     0 | D:1      | Reached XP level 1. HP: 18/18 MP: 1/1
    86 | D:1      | Noticed an eye of devastation
    90 | D:1      | Noticed a floating eye
    92 | D:1      | Found a faded altar of an unknown god.
    94 | D:1      | Noticed a shining eye
   119 | D:1      | Noticed a golden eye
   148 | D:1      | Prayed at the altar of an unknown god.
   148 | D:1      | Became a worshipper of Warmaster Okawaru
   148 | D:1      | Reached * piety under Okawaru
   430 | D:1      | Reached XP level 2. HP: 23/24 MP: 2/2
   757 | D:1      | Reached XP level 3. HP: 28/30 MP: 3/3
  1365 | D:2      | Found Onylit Jac's Antique Armour Shop.
  1558 | D:2      | Noticed Sigmund
  1559 | D:2      | Noticed Natasha
  1570 | D:2      | Killed Natasha
  1571 | D:2      | Reached skill level 1 in Invocations
  1571 | D:2      | Reached XP level 4. HP: 17/37 MP: 4/4
  1572 | D:2      | Killed Sigmund
  1572 | D:2      | Reached ** piety under Okawaru
  1573 | D:2      | Reached skill level 4 in Armour
  1573 | D:2      | Reached XP level 5. HP: 20/42 MP: 4/6
  1573 | D:2      | Reached XP level 6. HP: 23/48 MP: 4/7
  1793 | D:2      | Noticed Natasha
  1802 | D:2      | Killed Natasha
  2022 | D:3      | Found Yshro's Distillery.
  2026 | D:3      | Bought a potion of degeneration for 10 gold pieces
  2045 | D:3      | Found a radiant altar of Vehumet.
  2334 | D:3      | Noticed a +0 dagger
  2334 | D:3      | Noticed a +0 hand axe
  2338 | D:3      | Found a hide-covered altar of Uskayaw.
  2526 | D:3      | Noticed Jessica
  2539 | D:3      | Killed Jessica
  3153 | D:4      | Noticed a necrophage
  3153 | D:4      | Noticed a necrophage
  3153 | D:4      | Found a glowing drain.
  3164 | D:4      | Killed a necrophage
  3165 | D:4      | Reached skill level 5 in Axes
  3165 | D:4      | Reached XP level 7. HP: 38/55 MP: 7/9
  3312 | Sewer    | Entered a sewer
  3721 | Sewer    | Reached skill level 5 in Armour
  3721 | Sewer    | Reached XP level 8. HP: 46/61 MP: 10/10
  3836 | D:4      | Reached *** piety under Okawaru
  4022 | D:4      | Noticed Eustachio
  4029 | D:4      | Reached skill level 5 in Fighting
  4034 | D:4      | Killed Eustachio
  4367 | D:4      | Found a bloodstained altar of Trog.
  4371 | D:4      | Noticed a wizard
  4376 | D:4      | Killed a wizard
  4827 | D:5      | Entered Level 5 of the Dungeon
  4916 | D:5      | Reached **** piety under Okawaru
  4917 | D:5      | Reached skill level 5 in Invocations
  4922 | D:5      | Found a staircase to the Ecumenical Temple.
  4923 | D:5      | Identified the +1 robe of the Ancient Things {Str+2}
  5593 | D:5      | Reached XP level 9. HP: 41/68 MP: 12/12
  5775 | D:5      | Found a blossoming altar of Fedhas.
  6117 | D:6      | Found a basalt altar of Yredelemnul.
  6495 | D:6      | Found Jyriut's Elemental Accessories.
  6809 | D:7      | Found a transporter.
  6809 | D:7      | Found a broken altar of Ashenzari.
  6810 | D:7      | Noticed a centaur warrior
  6820 | D:7      | Reached skill level 6 in Armour
  6822 | D:7      | Found a glowing silver altar of Zin.
  6825 | D:7      | Found a transporter.
  6839 | D:7      | Noticed a slime creature
  7226 | D:7      | Reached XP level 10. HP: 75/77 MP: 7/15
  7245 | D:7      | Reached skill level 10 in Axes
  7248 | D:7      | Reached ***** piety under Okawaru
  7422 | D:7      | Reached skill level 10 in Fighting
  7422 | D:7      | Reached skill level 10 in Armour
  7422 | D:7      | Reached XP level 11. HP: 92/92 MP: 16/16
  7423 | D:7      | Reached XP level 12. HP: 99/99 MP: 17/17
  7654 | D:7      | Found an opulent altar of Gozag.
  8035 | D:7      | You fall into a shaft and drop 2 floors!
  8258 | D:9      | Found an ancient bone altar of Kikubaaqudgha.
  8631 | D:7      | Found a faded altar of an unknown god.
  8640 | D:7      | Found a hazy altar of Hepliaklqana.
  8823 | D:7      | Found a sacrificial altar of Ru.
  8964 | D:7      | Identified a scroll of acquirement
  8964 | D:7      | Acquired 1233 gold pieces
  9189 | D:8      | Noticed Psyche
  9201 | D:8      | Killed Psyche
  9770 | D:8      | Found a shadowy altar of Dithmenos.
  9963 | D:9      | Noticed a death yak
  9964 | D:9      | Noticed a death yak
  9964 | D:9      | Noticed a death yak
  9964 | D:9      | Noticed a death yak
  9965 | D:9      | Found a staircase to the Lair.
  9965 | D:9      | Noticed a death yak
  9990 | D:9      | Killed a death yak
 10009 | D:9      | Killed a death yak
 10019 | D:9      | Killed a death yak
 10030 | D:9      | Killed a death yak
 10040 | D:9      | Killed a death yak
 10048 | D:9      | Identified the +13 crystal plate armour of Gravitas {SInv}
                  | (Okawaru gifted it to you on level 9 of the Dungeon)
 10048 | D:9      | Received a gift from Okawaru
 10541 | D:9      | Found Cosepluf's Book Shop.
 10581 | D:9      | Found a shimmering blue altar of Sif Muna.
 10588 | D:9      | Got Sif Muna's Grimoire of Poisoning
 10590 | D:9      | Got Sif Muna's Tome of Snow
 10616 | D:10     | Entered Level 10 of the Dungeon
 10732 | D:10     | Noticed Snorg
 10751 | D:10     | Killed Snorg
 10752 | D:10     | Reached XP level 13. HP: 47/106 MP: 12/19
 11493 | D:10     | Reached skill level 11 in Armour
 11730 | D:10     | Noticed Harold
 11746 | D:10     | Killed Harold
 11747 | D:10     | Reached skill level 15 in Axes
 11856 | D:11     | Found a gate leading to a gauntlet.
 11865 | Gauntlet | Entered a Gauntlet
 11865 | Gauntlet | Found a transporter.
 11865 | Gauntlet | Found a transporter.
 11869 | Gauntlet | Found a transporter.
 11869 | Gauntlet | Found a transporter.
 11878 | Gauntlet | Found a transporter.
 11891 | Gauntlet | Found a transporter.
 11894 | Gauntlet | Found a transporter.
 11894 | Gauntlet | Noticed a reaper
 11896 | Gauntlet | Found a transporter.
 11896 | Gauntlet | Found a transporter.
 11900 | Gauntlet | Found a transporter.
 11924 | Gauntlet | Found a transporter.
 11975 | Gauntlet | Found a transporter.
 11999 | Gauntlet | Found a transporter.
 12080 | Gauntlet | Found a transporter.
 12091 | Gauntlet | Found a transporter.
 12103 | Gauntlet | Noticed a catoblepas
 12105 | Gauntlet | Found a transporter.
 12354 | Gauntlet | Identified the +10 long sword of the Other Side {drain,
                  | +Blink rF+}
 12542 | Gauntlet | Noticed a minotaur
 12552 | Gauntlet | Killed a minotaur
 13038 | D:11     | Noticed Gastronok
 13053 | D:11     | Killed Gastronok
 13242 | D:11     | Noticed a seven-headed hydra
 13391 | Lair:1   | Entered Level 1 of the Lair of Beasts
 13422 | Lair:1   | Received a gift from Okawaru
 13423 | Lair:1   | Reached skill level 10 in Invocations
 13433 | Lair:1   | Found a frozen archway.
 13470 | IceCv    | Entered an ice cave
 14148 | IceCv    | Reached XP level 14. HP: 94/116 MP: 14/21
 14528 | IceCv    | Noticed a reaper
 14559 | IceCv    | Killed a reaper
 14637 | Lair:1   | Noticed Joseph
 14667 | Lair:1   | Killed Joseph
 14965 | Lair:1   | Reached skill level 12 in Armour
 14965 | Lair:1   | Reached skill level 5 in Shields
 16091 | Lair:2   | Noticed Urug
 16109 | Lair:2   | Killed Urug
 17079 | Lair:3   | Found a dark tunnel.
 17086 | Volcano  | Entered a volcano
 17428 | Lair:3   | Received a gift from Okawaru
 17758 | Lair:3   | Reached skill level 13 in Armour
 18115 | Lair:3   | Found a bloodstained altar of Trog.
 18405 | Lair:4   | Found a hole to the Spider Nest.
 18603 | Lair:4   | Found a staircase to the Shoals.
 18629 | Lair:4   | Reached XP level 15. HP: 71/126 MP: 15/22
 19505 | Lair:5   | Found a staircase to the Slime Pits.
 20461 | Lair:6   | Entered Level 6 of the Lair of Beasts
 20879 | Lair:6   | Reached skill level 15 in Fighting
 21307 | Lair:6   | Identified the +2 robe of Juocleew {rC+ rCorr Int+5}
 21637 | Lair:6   | Reached skill level 14 in Armour
 23519 | D:11     | You are sucked into a shaft and drop 3 floors!
 24154 | D:12     | Noticed Cancer's ghost (journeyman GrEE)
 24158 | D:12     | Found a runed translucent door.
 24273 | D:12     | Found a staircase to the Orcish Mines.
 24601 | D:12     | Noticed Frances
 24622 | D:12     | Killed Frances
 24623 | D:12     | Reached XP level 16. HP: 116/138 MP: 16/23
 24828 | D:12     | Identified the +4 robe of Ypnun {rPois Regen+ Slay-3 SInv}
                  | (Okawaru gifted it to you on level 12 of the Dungeon)
 24828 | D:12     | Received a gift from Okawaru
 25035 | D:12     | Killed Cancer's ghost
 25304 | Orc:1    | Entered Level 1 of the Orcish Mines
 25623 | Orc:2    | Entered Level 2 of the Orcish Mines
 25691 | Orc:2    | Noticed Saint Roka
 25693 | Arena    | Entered the Arena
 25719 | Arena    | Killed Saint Roka
 25804 | Orc:2    | Reached skill level 15 in Armour
 25805 | Orc:2    | Reached skill level 10 in Shields
 25878 | Orc:2    | Found Wonuigiz's Antique Armour Shoppe.
 26174 | Orc:2    | Found Yguch's Jewellery Shoppe.
 26190 | Orc:2    | Found Cygh's Antique Weapon Shoppe.
 26198 | Orc:2    | Bought a shimmering broad axe for 279 gold pieces
 26198 | Orc:2    | Identified the +11 broad axe "Ogreslayer" {drain, rF+ Int+3
                  | Dex+6} (You bought it in a shop on level 2 of the Orcish
                  | Mines)
 26215 | Orc:2    | Bought a pair of glowing gloves for 135 gold pieces
 26215 | Orc:2    | Bought a pair of runed boots for 135 gold pieces
 26247 | Orc:2    | Bought an amulet of regeneration for 360 gold pieces
 26308 | Orc:2    | Found Jooguz's General Store.
 26552 | Orc:2    | Found a staircase to the Elven Halls.
 26823 | Elf:1    | Entered Level 1 of the Elven Halls
 27542 | D:13     | Found a gate to the Vaults.
 27742 | D:14     | Found a bloodstained altar of Trog.
 27742 | D:14     | Noticed Xisuv's ghost (journeyman MiDe)
 27950 | D:14     | Found a transporter.
 27958 | D:14     | Found a transporter.
 28108 | D:14     | Killed Xisuv's ghost
 28134 | D:14     | Identified the +1 pair of gloves "Henanovur" {*Corrode Fly
                  | Str+5}
 28182 | D:15     | Entered Level 15 of the Dungeon
 28200 | D:15     | Reached XP level 17. HP: 144/148 MP: 17/24
 28303 | D:15     | Found a staircase to the Depths.
 28538 | D:15     | Found a stormy altar of Qazlal.
 29051 | Elf:1    | Found the ring of the Mage {Wiz Will++ Int+3}
 29065 | Elf:1    | Noticed porpoise's ghost (adept DECj)
 29068 | Elf:1    | Found a transporter.
 29077 | Elf:1    | Found a transporter.
 29088 | Elf:1    | Killed porpoise's ghost
 29101 | Elf:1    | Received a gift from Okawaru
 29206 | Elf:1    | Found Jeffehyv's Armour Shop.
 29524 | Elf:1    | Found Gowk's Distillery.
 29533 | Elf:1    | Found Othruhua's Jewellery Shop.
 30131 | Elf:2    | Reached skill level 16 in Armour
 30150 | Elf:2    | Reached skill level 15 in Shields
 30157 | Elf:2    | Reached XP level 18. HP: 159/159 MP: 26/26
 30158 | Elf:2    | Found a runed translucent gate.
 30158 | Elf:2    | Found a runed translucent gate.
 30379 | Elf:2    | Found a runed translucent gate.
 30432 | Elf:2    | Reached ****** piety under Okawaru
 30459 | Elf:2    | Received a gift from Okawaru
 30768 | Elf:2    | Noticed a deep elf blademaster
 30784 | Elf:2    | Killed a deep elf blademaster
 31454 | Elf:3    | Entered Level 3 of the Elven Halls
 31509 | Elf:3    | Noticed a deep elf blademaster
 31702 | Elf:3    | Identified the +1 helmet "Yrphaqig" {Rampage}
 31779 | Elf:3    | Received a gift from Okawaru
 31954 | Elf:3    | Noticed an Ice Fiend
 31964 | Elf:3    | Killed a deep elf blademaster
 32221 | Elf:3    | Reached skill level 17 in Armour
 32347 | Elf:3    | Identified the ring of Ynuso {Ice MP+9 Str+3 Slay+3}
 32347 | Elf:3    | Identified the ring of Youthful Indiscretion {Str+3 Slay+4}
 32353 | Elf:3    | Noticed an Executioner
 32356 | Arena    | Entered the Arena
 32360 | Arena    | Reached XP level 19. HP: 39/169 MP: 19/27
 32553 | Elf:3    | Noticed Aizul
 32563 | Elf:3    | Identified the amulet "Osig" {Fragile +Inv rPois rN+++
                  | Regen+}
 32581 | Elf:3    | Killed Aizul
 32992 | Elf:3    | Noticed a Tzitzimitl
 33382 | Elf:3    | Identified the +0 plate armour "Imeq" {rElec Regen+}
                  | (Okawaru gifted it to you on level 3 of the Elven Halls)
 33382 | Elf:3    | Received a gift from Okawaru
 33483 | Elf:3    | Identified the +8 shortbow "Otzupust" {freeze, rN+}
 33492 | Elf:3    | Got Tenteist's Handbook of Moulding and Weightlessness
 33971 | Spider:1 | Entered Level 1 of the Spider Nest
 33989 | Spider:1 | Identified the +0 rapier of the Trees {spect, rPois Will+
                  | Str+3 Int-3}
 36206 | Spider:2 | Noticed Jorgrun
 36219 | Spider:2 | Killed Jorgrun
 36318 | Spider:3 | Identified the +4 pair of gloves of Refuge {-Cast rElec rN+
                  | Dex+2} (Okawaru gifted it to you on level 3 of the Spider
                  | Nest)
 36318 | Spider:3 | Received a gift from Okawaru
 36397 | Spider:3 | Reached XP level 20. HP: 178/178 MP: 29/29
 36824 | Spider:4 | Entered Level 4 of the Spider Nest
 36832 | Spider:4 | Reached skill level 18 in Armour
 37072 | Spider:4 | Got a gossamer rune of Zot
 38058 | Shoals:1 | Entered Level 1 of the Shoals
 38062 | Shoals:1 | Found Ynguamo's Antique Armour Boutique.
 38089 | Shoals:1 | Identified the +5 hand axe "Ymyssila" {vorpal, rCorr Dex+5}
                  | (Okawaru gifted it to you on level 1 of the Shoals)
 38089 | Shoals:1 | Received a gift from Okawaru
 38307 | Shoals:1 | Found Bierphuh's Gadget Gallery.
 39516 | Shoals:3 | Found Icza Cewot's CLEARANCE SALE!.
 39664 | Shoals:3 | Reached skill level 1 in Dodging
 39667 | Shoals:3 | Reached XP level 21. HP: 178/186 MP: 30/30
 39667 | Shoals:3 | Received a gift from Okawaru
 39921 | Shoals:4 | Entered Level 4 of the Shoals
 40532 | Shoals:4 | Got a barnacled rune of Zot
 41139 | Slime:1  | Entered Level 1 of the Pits of Slime
 41238 | Slime:1  | Gained mutation: You are robust. (+10% HP) [a shining eye]
 41240 | Slime:1  | Gained mutation: Potions are less effective at restoring
                  | your health. [a shining eye]
 41241 | Slime:1  | Lost mutation: You are robust. (+10% HP) [a shining eye]
 41974 | Slime:5  | Entered Level 5 of the Pits of Slime
 41985 | Slime:5  | Gained mutation: Your magical capacity is low. (-10% MP) [a
                  | shining eye]
 41999 | Slime:5  | Received a gift from Okawaru
 42045 | Slime:5  | Noticed the Royal Jelly
 42166 | Arena    | Entered the Arena
 42174 | Arena    | Killed the Royal Jelly
 42329 | Slime:5  | Received a gift from Okawaru
 42382 | Slime:5  | Gained mutation: Your magical capacity is very low. (-20%
                  | MP) [a shining eye]
 42383 | Slime:5  | Gained mutation: You are clumsy. (Dex -2) [a shining eye]
 42385 | Slime:5  | Reached XP level 22. HP: 174/194 MP: 24/24
 42401 | Slime:5  | Gained mutation: Armour fits poorly on your strangely
                  | shaped body. [a shining eye]
 42406 | Slime:5  | Gained mutation: You sometimes lose the ability to read
                  | scrolls when taking damage. [a shining eye]
 42427 | Slime:5  | Lost mutation: Potions are less effective at restoring your
                  | health. [potion of mutation]
 42427 | Slime:5  | Lost mutation: Your magical capacity is very low. (-20% MP)
                  | [potion of mutation]
 42427 | Slime:5  | Gained mutation: You are covered in fur. (AC +1) [potion of
                  | mutation]
 42428 | Slime:5  | Lost mutation: You are clumsy. (Dex -2) [potion of
                  | mutation]
 42428 | Slime:5  | Lost mutation: Your magical capacity is low. (-10% MP)
                  | [potion of mutation]
 42428 | Slime:5  | Gained mutation: Your mind is acute. (Int +2) [potion of
                  | mutation]
 42428 | Slime:5  | Gained mutation: Your muscles are strong. (Str +2) [potion
                  | of mutation]
 42428 | Slime:5  | Gained mutation: You have sharp toenails. [potion of
                  | mutation]
 42434 | Slime:5  | Identified the amulet of Gedojotufu {RegenMP rPois rC+
                  | Dex-4 SInv}
 42448 | Slime:5  | Got a slimy rune of Zot
 42449 | Slime:5  | Identified the +2 pair of gloves "Keveobe" {+Inv rC+}
 42470 | Slime:5  | Got Ylalon's Compendium of Battle Magic and the Compass
 42501 | Slime:5  | Got the Disquisition on Icy Shape Shifting
 42513 | Slime:5  | Identified the ring of Ruvox {rElec Str+6}
 42542 | Slime:5  | Identified the +1 spear "Maqoploq" {drain, rElec Dex+2
                  | Stlth-}
 42552 | Slime:5  | Identified the ring "Gonimm" {MP+9 AC+4}
 42836 | Slime:4  | Gained mutation: Your magical capacity is low. (-10% MP) [a
                  | shining eye]
 42837 | Slime:4  | Gained mutation: You are clumsy. (Dex -2) [a shining eye]
 43182 | Vaults:1 | Entered Level 1 of the Vaults
 43449 | Vaults:1 | Reached skill level 19 in Armour
 43760 | Vaults:1 | Identified the +0 pair of boots of Orthodoxy {*Slow rElec
                  | rF+ Slay+2} (Okawaru gifted it to you on level 1 of the
                  | Vaults)
 43760 | Vaults:1 | Received a gift from Okawaru
 43963 | Vaults:1 | Found Nusken's Antique Armour Shoppe.
 44611 | Vaults:2 | Found a staircase to the Crypt.
 45130 | Vaults:2 | Identified the +0 hat "Vaireeq" {rCorr Int+2 Dex-2}
 45131 | Vaults:2 | Identified the +2 robe of the Ward {Archmagi}
 45139 | Vaults:2 | Found a radiant altar of Vehumet.
 46061 | Vaults:3 | Reached skill level 20 in Armour
 46202 | Vaults:3 | Reached XP level 23. HP: 199/200 MP: 28/28
 46319 | Vaults:3 | Received a gift from Okawaru
 46343 | Vaults:3 | Identified the +5 scale mail of Focus {Int+4 SInv}
 46390 | Vaults:3 | Reached skill level 5 in Dodging
 46541 | Vaults:3 | Found Gocadd's Antique Weapon Shoppe.
 46550 | Vaults:3 | Bought a steaming long sword for 348 gold pieces
 46550 | Vaults:3 | Identified the +6 long sword of the Dwarven Hall {vorpal,
                  | Drain rN+ Int+2} (You bought it in a shop on level 3 of the
                  | Vaults)
 47037 | Vaults:4 | Found Gots's Armour Emporium.
 47180 | Vaults:4 | Reached skill level 21 in Armour
 47559 | Vaults:4 | Found Geunefeq's Jewellery Boutique.
 47801 | Vaults:4 | Received a gift from Okawaru
 47936 | Vaults:4 | Reached skill level 22 in Armour
 48129 | Vaults:4 | Found Zona's Book Shop.
 48168 | Vaults:4 | Found Yllib's Antique Armour Shop.
 48176 | Vaults:4 | Bought a jewelled buckler for 323 gold pieces
 48176 | Vaults:4 | Identified the +4 buckler "Ocupalal" {Harm rElec rC++
                  | Str+3} (You bought it in a shop on level 4 of the Vaults)
 48176 | Vaults:4 | Bought a spiked ring mail for 306 gold pieces
 48176 | Vaults:4 | Identified the +1 ring mail of the Shoals {rF+ rC+ Dex-4}
                  | (You bought it in a shop on level 4 of the Vaults)
 48277 | Vaults:5 | Entered Level 5 of the Vaults
 48431 | Vaults:4 | Reached XP level 24. HP: 185/208 MP: 28/28
 48454 | Vaults:4 | Received a gift from Okawaru
 49071 | Vaults:4 | Reached skill level 23 in Armour
 49237 | Vaults:5 | Received a gift from Okawaru
 49461 | Vaults:5 | Found Lukk's Distillery.
 49538 | Vaults:5 | Identified the +8 tower shield "Bivuph" {rC+} (Okawaru
                  | gifted it to you on level 5 of the Vaults)
 49538 | Vaults:5 | Received a gift from Okawaru
 49560 | Vaults:5 | Identified the +1 crystal plate armour of Leapfrog {rElec
                  | rPois rF+ Slay+2}
 49794 | Vaults:5 | Identified the +12 shortbow of Owuqiet {vorpal, rC+ rN+
                  | Str+2 SInv}
 49889 | Vaults:5 | Noticed a golden dragon
 49892 | Vaults:5 | Noticed a golden dragon
 49900 | Vaults:5 | Killed a golden dragon
 49901 | Vaults:5 | Reached skill level 24 in Armour
 49906 | Vaults:5 | Killed a golden dragon
 49990 | Vaults:5 | Found Aliew's Jewellery Shoppe.
 50354 | Vaults:5 | Got a silver rune of Zot
 50696 | Vaults:5 | Identified the +8 mace of the Chain {vorpal, Int+6}
 50812 | Vaults:5 | Identified the +0 scale mail of Relativism {Str+6 Int+7
                  | Stlth-}
 51057 | Depths:1 | Entered Level 1 of the Depths
 51072 | Depths:1 | Found a gateway to Hell.
 51108 | Depths:1 | Reached XP level 25. HP: 211/214 MP: 28/28
 51118 | Depths:1 | Found a glowing silver altar of Zin.
 51199 | Depths:1 | Found a gateway to a ziggurat.
 51230 | Depths:1 | Found a magical portal.
 51248 | WizLab   | Entered The Roulette of Golubria
 51248 | WizLab   | Found a transporter.
 51255 | WizLab   | Found a corrupted altar of Lugonu.
 51281 | WizLab   | Found a transporter.
 51306 | WizLab   | Found a transporter.
 51445 | WizLab   | Found a transporter.
 51479 | WizLab   | Found a corrupted altar of Lugonu.
 51484 | WizLab   | Found a transporter.
 51485 | WizLab   | Found the +1 cloak of Starlight {*Dazzle EV+4 Stlth--}
 51583 | WizLab   | Found a transporter.
 51614 | WizLab   | Found a transporter.
 51657 | WizLab   | Found a transporter.
 51687 | WizLab   | Found a corrupted altar of Lugonu.
 51835 | WizLab   | Found a transporter.
 51835 | WizLab   | Found a transporter.
 51847 | WizLab   | Reached skill level 25 in Armour
 51866 | WizLab   | Found a transporter.
 51866 | WizLab   | Found a transporter.
 51899 | WizLab   | Found a transporter.
 51941 | WizLab   | Got the Guide on the Traveller
 51958 | WizLab   | Found a transporter.
 51958 | WizLab   | Found a transporter.
 51972 | WizLab   | Found a transporter.
 51972 | WizLab   | Found a transporter.
 52024 | WizLab   | Found a transporter.
 52043 | WizLab   | Found a transporter.
 52043 | WizLab   | Found a transporter.
 52107 | Depths:1 | Received a gift from Okawaru
 52108 | Depths:1 | Reached skill level 10 in Dodging
 52126 | Depths:1 | Found a one-way gate to the infinite horrors of the Abyss.
 52612 | Depths:2 | Found a one-way gate leading to the halls of Pandemonium.
 53302 | Depths:2 | Noticed Nikola
 53308 | Depths:2 | Killed Nikola
 53592 | Depths:2 | Reached skill level 26 in Armour
 53597 | Depths:2 | Received a gift from Okawaru
 53672 | Depths:2 | Got the Disquisition on Clay
 54503 | Depths:3 | Noticed a dread lich
 54512 | Depths:3 | Killed a dread lich
 54551 | Depths:3 | Received a gift from Okawaru
 54560 | Depths:3 | Reached XP level 26. HP: 222/222 MP: 27/28
 54565 | Depths:3 | Reached skill level 27 in Armour
 54568 | Depths:3 | Got the Grimoire of Darkness
 55476 | Depths:4 | Entered Level 4 of the Depths
 55476 | Depths:4 | Noticed a juggernaut
 55478 | Depths:4 | Noticed Mennas
 55483 | Depths:4 | Killed a juggernaut
 55499 | Depths:3 | Reached skill level 1 in Ice Magic
 55515 | Depths:3 | Killed Mennas
 55516 | Depths:3 | Reached skill level 1 in Necromancy
 55543 | Depths:4 | Received a gift from Okawaru
 55869 | Depths:4 | Found an ancient bone altar of Kikubaaqudgha.
 55906 | Depths:4 | Found a gate to the Realm of Zot.
 56112 | Depths:4 | Found a runed translucent gate.
 56112 | Depths:4 | Found a runed translucent gate.
 56130 | Depths:4 | Found a runed translucent gate.
 56131 | Depths:4 | Found an opulent altar of Gozag.
 56132 | Depths:4 | Found Qacwyban's Assorted Antiques.
 56132 | Depths:4 | Noticed Vuagy's ghost (veteran MiFi)
 56169 | Depths:4 | Killed Vuagy's ghost
 56209 | Depths:4 | Bought a scroll of enchant armour for 210 gold pieces
 56213 | Depths:4 | Acquired 682 gold pieces
 56848 | Zig:1    | Entered Level 1 of a ziggurat
 56875 | Zig:2    | Entered Level 2 of a ziggurat
 56987 | Zig:3    | Entered Level 3 of a ziggurat
 57016 | Zig:4    | Entered Level 4 of a ziggurat
 57059 | Zig:4    | Lost mutation: Armour fits poorly on your strangely shaped
                  | body. [potion of mutation]
 57059 | Zig:4    | Lost mutation: Your magical capacity is low. (-10% MP)
                  | [potion of mutation]
 57059 | Zig:4    | Gained mutation: Your spells are a little easier to cast,
                  | but a little less powerful. [potion of mutation]
 57065 | Zig:5    | Entered Level 5 of a ziggurat
 57144 | Zig:6    | Entered Level 6 of a ziggurat
 57304 | Zig:7    | Entered Level 7 of a ziggurat
 57337 | Zig:7    | Noticed Uhuofyss the pandemonium lord
 57349 | Zig:7    | Killed Uhuofyss the pandemonium lord
 57425 | Zig:7    | Identified the +2 robe of Immorality {MP+9 Dex+4}
 57427 | Zig:7    | Identified the +4 rapier of Linearity {freeze, Str+2}
 57542 | Zig:8    | Entered Level 8 of a ziggurat
 57549 | Zig:8    | Noticed a shard shrike
 57549 | Zig:8    | Noticed a shard shrike
 57552 | Zig:8    | Killed a shard shrike
 57556 | Zig:8    | Killed a shard shrike
 57588 | Zig:8    | Reached XP level 27. HP: 105/233 MP: 32/32
 57702 | Zig:9    | Entered Level 9 of a ziggurat
 57706 | Zig:9    | Noticed Ytas the pandemonium lord
 57706 | Zig:9    | Noticed a Killer Klown
 57706 | Zig:9    | Noticed a Killer Klown
 57707 | Zig:9    | Noticed a Killer Klown
 57718 | Zig:9    | Killed a Killer Klown
 57721 | Zig:9    | Killed Ytas the pandemonium lord
 57721 | Zig:9    | Received a gift from Okawaru
 57733 | Zig:9    | Killed a Killer Klown
 57736 | Zig:9    | Killed a Killer Klown
 57745 | Zig:9    | Identified the ring "Achioh" {Fire Int+6}
 57776 | Zig:10   | Entered Level 10 of a ziggurat
 57841 | Zig:10   | Identified the ring "Piecru Fiovo" {Contam rN++ Will+}
 57875 | Zig:10   | Reached skill level 15 in Dodging
 57882 | Zig:11   | Entered Level 11 of a ziggurat
 57888 | Zig:11   | Noticed a royal mummy
 57896 | Zig:11   | Noticed a royal mummy
 57900 | Zig:11   | Noticed a royal mummy
 57907 | Zig:11   | Noticed a royal mummy
 57912 | Arena    | Entered the Arena
 57917 | Arena    | Killed a royal mummy
 57948 | Arena    | Entered the Arena
 57949 | Arena    | Killed a royal mummy
 57987 | Zig:11   | Killed a royal mummy
 58002 | Zig:11   | HP: 6/240 [poisoned by an ushabti (dark miasma)]
 58003 | Zig:11   | HP: 2/240 [poisoned by an ushabti (dark miasma)]
 58004 | Zig:11   | Mangled by an emperor scorpion

Illustrated notes

Levels and vault maps discovered:
D:1:      psy_arrival_dodecagon, layout_basic,
          hellmonk_ecumenical_altar_watching_god, grunt_decor_one_mirror,
          corner_web_ring
D:2:      layout_basic, serial_shops, nicolae_shop_stone, uniq_natasha,
          uniq_sigmund
D:3:      layout_basic, dancing_weapons_uskayaw, nicolae_vehumet_radiance,
          serial_shops, shop, kennysheep_doodads, uniq_jessica
D:4:      layout_basic, trog_wizard, cheibrodos_sewer_entry_drain,
          uniq_eustachio
D:5:      layout_loops_ring, fedhas_altar_fruit_tree, minmay_temple_entry_trees
D:6:      layout_basic, nicolae_yredelemnul_corpse_copse,
          nicolae_elemental_shop, chequers_hall_statues_y
D:7:      minmay_bubble_buster, layout_loops_ring,
          mainiacjoe_overflow_surrounded_room,
          beargit_hepliaklqana_dungeon_heroes, mainiacjoe_overflow_alcove_2,
          gammafunk_temple_overflow_arena
D:8:      layout_basic, overflow_temple_1_default, serial_aquarium,
          aquarium_bridge_long_joined [aquarium_subvault_bridge,
          aquarium_subvault_window, aquarium_subvault_window,
          aquarium_subvault_bridge, aquarium_subvault_window,
          aquarium_subvault_balcony], aquarium_window_fake,
          aquarium_window_fake, aquarium_window_1, aquarium_view_2c,
          aquarium_view_2e, aquarium_pool_side, minmay_unpleasant_kobolds,
          uniq_psyche
D:9:      layout_rooms, nicolae_sif_muna_little_library, tgw_kikubaaqudgha,
          dpeg_lair_monsters, serial_shops, kennysheep_mini_moat,
          minmay_misc_feat_nine_boxes, kennysheep_nub
D:10:     layout_loops_cross, uniq_harold, uniq_snorg
D:11:     layout_loops_ring, gauntlet_entry_generic, uniq_gastronok
D:12:     layout_roguey, zombieorc2_lemuel, hellmonk_ghost_happy_afterlife,
          uniq_frances
D:13:     layout_basic, grunt_vaults_entry_tiered
D:14:     layout_roguey, gammafunk_ghost_wrathful_warriors, minmay_holes
D:15:     gammafunk_depths_entry_grave, layout_basic, grunt_qazlal_clouds
Lair:1:   layout_gridlike, portal_ice_cave_entry_imps, minmay_lair_oklob_bushes,
          beast_lair_carwin_10, uniq_joseph
Lair:2:   beast_lair_carwin_large_3, layout_long_grid, st_stairs_4, uniq_urug
Lair:3:   layout_cave_pods, enter_volcano_3, basic_altar
Lair:4:   layout_hall_layers, minmay_shoals_entry_centaurs,
          spider_nest_entry_rubble
Lair:5:   layout_small_grid, nicolae_slime_entry_slimehenge,
          nzn_sisyphean_effort, serial_bayou_shore_b, grunt_megastairs_3
Lair:6:   grunt_lair_end_beastmaster, layout_layer_cave, special_room
          [special_room_mythical_zoo], serial_bayou_shore_b
Shoals:1: layout_shoals, serial_shops, shop_coins, nicolae_shop_gadgets
Shoals:2: layout_shoals
Shoals:3: layout_shoals, nicolae_shop_clearance
Shoals:4: shoals_end_grunt_garden, layout_shoals,
          nicolae_shoals_square_sea_wall, nicolae_shoals_undead_eyrie
Spider:1: layout_spider_delve
Spider:2: layout_spider_delve, nicolae_spider_not_touching_you, uniq_jorgrun
Spider:3: layout_spider_delve
Spider:4: grunt_spider_rune_island, nicolae_crawler_farm
Slime:1:  layout_caves
Slime:2:  layout_caves, cheibrodos_slime_lost_civilization_5
Slime:3:  layout_caves, basic_altar
Slime:4:  layout_caves, uniq_dissolution
Slime:5
Orc:1:    layout_caves, serial_shops, minmay_orc_treasury, uniq_nergalle
Orc:2:    grunt_orc_cross, layout_diamond_mine
Elf:1:    nicolae_elf_arrival_aired_out, layout_rooms, gammafunk_ghost_arena,
          serial_shops, shop, hangedman_elven_crosses_minicolossus,
          minmay_shoptagon
Elf:2:    elven_hall_of_blades_hangedman_original
          [nicolae_blade_entry_floor_patterns], layout_loops_ring
Elf:3:    minmay_elf_hall_quartered_circle, layout_gridlike, uniq_aizul
Vaults:1: st_lattice, v_misc_18, nicolae_vaults_little_squares_3, v_rooms_1,
          vaults_room_hallway, layout_vaults_quadrants, serial_shops, shop
Vaults:2: grunt_tower_of_power, hangedman_vaults_capsules, grunt_vaults_swirl,
          minmay_crypt_entry_simple_round, nicolae_vaults_little_squares_5,
          serial_ice_g, vaults_standard_mumra_lines, vaults_room_pools,
          vaults_room_door_ring, v_misc_31, vaults_room_fancy_cross,
          nicolae_vaults_what_the_h, v_rooms_2, vaults_room_door_ring,
          layout_vaults_big_cross
Vaults:3: nicolae_vaults_little_squares_6, nicolae_vaults_network_barrier,
          v_rooms_3, vaults_room_door_hall, nicolae_vaults_little_squares_3,
          vaults_room_fancy_cross, vaults_mumra_minichess_inversion,
          vaults_dpeg_diagonal, v_misc_10, vaults_room_ringed_pool,
          ontoclasm_vaults_misaligned, hangedman_vaults_variations, v_misc_13,
          ontoclasm_vaults_ligature, st_more_cells, vaults_mumra_chevron,
          vaults_room_stairs_pillars, layout_vaults_omnibox, serial_shops,
          shop_fountains
Vaults:4: nicolae_vaults_little_squares_2, vaults_room_octagon,
          vaults_room_corners, hangedman_vaults_unwind, grunt_vaults_twisty,
          ontoclasm_vaults_gateway, ontoclasm_vaults_spin,
          ontoclasm_vaults_shout, dpeg_vaults_monster_box,
          grunt_vaults_diagonal, nicolae_vaults_little_squares_5,
          nicolae_vaults_theta, v_pattern_5, nicolae_vaults_little_squares_3,
          layout_vaults_maze_snakey, serial_shops, nicolae_shop_trees, shop,
          shop, nicolae_lakefront_shop
Vaults:5
Depths:1: layout_cave_pools, enter_ziggurat_b, infiniplex_enter_wizlab_glasses,
          abyss_entry, hell_entry, roderic_malta_cross, drop_trap,
          roderic_roman_lattice, zin_angel
Depths:2: evilmike_hourglass, layout_cave_pools, serial_co_window_serial,
          co_window_of_opportunity_a, co_window_paths_a, co_window_paths_a,
          co_window_corner_a, co_window_of_opportunity_a, co_window_corner_a,
          co_window_of_opportunity_a, co_window_paths_a, co_window_paths_a,
          co_window_broadway_b, co_window_corner_b, co_window_broadway_b,
          glass_columns_b, rand_demon_pan_entry_5, grunt_hell_horde, uniq_nikola
Depths:3: minmay_sliced_demisemicircle, layout_basic, hell_entry, special_room
          [special_room_morgue], roderic_lattice_a, serial_sigils,
          serial_sigils_hangedman_scratch, serial_sigils_hangedman_etch,
          serial_sigils_hangedman_writhe, serial_sigils_hangedman_gut,
          serial_sigils_hangedman_clutch, abyss_entry,
          infiniplex_staircase_zigzag_4, serial_bayou_shore_b
Depths:4: evilmike_zot_entry_basic, layout_cave_pools, abyss_entry_crystal,
          chequers_serial_rivers_small_3, hell_entry, ebering_ghost_gozag,
          kiku_gazebo_pond_becter, uniq_mennas
Zig:11:   ziggurat_pillar_abc, ziggurat_pillar_abc, ziggurat_pillar_abc,
          ziggurat_pillar_abc

Skill      XL: |  1  2  3  4  5  6  7  8  9 10 11 12 13 14 15 16 17 18 19 20 21 22 23 24 25 26 27 |
---------------+----------------------------------------------------------------------------------+-----
Axes           | 3 4 5 6 7 9 10 13 14 15 16 18 20 22 24 | 24.0
Invocations    | 1 2 3 5 6 7 8 10 11 12 | 12.0
Fighting       | 4 5 6 10 11 12 14 16 17 18 20 21 22 24 | 24.4
Armour         | 4 5 6 10 11 13 14 15 16 17 18 20 22 24 26 27 | 27.0
Shields        | 4 7 9 12 15 | 15.0
Dodging        | 1 4 8 9 11 13 15 | 15.4
Ice Magic      | 1 |  1.0
Necromancy     | 1 |  1.0
Staves         | |  0.6
Bows           | |  0.5
Crossbows      | |  0.6
Conjurations   | |  0.5
Hexes          | |  0.9
Summonings     | |  0.8
Translocations | |  0.3
Transmutations | |  0.8
Fire Magic     | |  0.6
Air Magic      | |  0.4
Earth Magic    | |  0.8
Poison Magic   | |  0.7

Action                   |  1- 3 |  4- 6 |  7- 9 | 10-12 | 13-15 | 16-18 | 19-21 | 22-24 | 25-27 || total
-------------------------+-------+-------+-------+-------+-------+-------+-------+-------+-------++-------
Melee: War axe           |    86 |    90 |   467 |   337 |  1403 |   174 |       |    34 |       ||  2591
       Broad axe         |       |       |       |       |       |   600 |   143 |       |       ||   743
       Great mace        |       |       |       |       |       |    19 |       |       |       ||    19
       Executioner's axe |       |       |       |       |       |   141 |  1085 |   998 |   838 ||  3062
       Battleaxe         |       |       |       |       |       |       |   179 |       |       ||   179
Invok: Heroism           |       |     3 |     8 |     5 |    35 |    13 |     8 |    16 |    16 ||   104
       Finesse           |       |       |     1 |     2 |    21 |     7 |     3 |     2 |    10 ||    46
       Duel              |       |       |       |       |       |     2 |     1 |       |     2 ||     5
 Abil: Dig               |       |       |    11 |     1 |    10 |       |     1 |     1 |     1 ||    25
  Use: Scroll            |     3 |     1 |     8 |     8 |    14 |    13 |       |    12 |    14 ||    73
       Potion            |     1 |       |       |     2 |     3 |     2 |     3 |     2 |    33 ||    46
 Stab: Paralysed         |       |       |       |       |     4 |       |       |       |       ||     4
       Invisible         |       |       |       |       |       |    15 |       |       |    10 ||    25
       Distracted        |       |       |       |       |       |       |       |     1 |     1 ||     2
Armor: Scale mail        |    28 |       |       |       |       |       |       |       |       ||    28
       Plate armour      |    30 |    37 |   262 |   108 |       |       |       |       |       ||   437
       Crystal plate arm |       |       |       |    52 |  1094 |   459 |   847 |   335 |   220 ||  3007
       Gold dragon scale |       |       |       |       |       |       |       |       |    30 ||    30
Dodge: Dodged            |    42 |    41 |   303 |   151 |   432 |   155 |   255 |   160 |   201 ||  1740
Block: Buckler           |    28 |    18 |   120 |    73 |   325 |       |       |       |       ||   564
       Kite shield       |       |       |       |       |   146 |   402 |       |       |       ||   548
       Tower shield      |       |       |       |       |       |   193 |  1874 |   845 |   670 ||  3582

Table legend: (Time is in decaauts)
 A = Elapsed time spent in this place.
 B = Non-inter-level travel time spent in this place.
 C = Inter-level travel time spent in this place.
 D = Time resting spent in this place.
 E = Time spent auto-exploring this place.
 F = Levels seen in this place.
 G = Mean time per level.
                   A        B        C        D        E       F      G
               +--------+--------+--------+--------+--------+-----+--------+
         Total |  56723 |  53207 |   3516 |   9010 |  28638 |  69 |  822.1 |
       Dungeon |  16388 |  15252 |   1136 |   1800 |   9907 |  15 | 1092.5 |
          Lair |   8709 |   8049 |    660 |   1912 |   4419 |   6 | 1451.5 |
        Shoals |   3195 |   3030 |    165 |     65 |   1675 |   4 |  798.8 |
   Spider Nest |   3988 |   3592 |    396 |     81 |   2475 |   4 |  997.0 |
    Slime Pits |   1737 |   1557 |    180 |    231 |    813 |   5 |  347.4 |
  Orcish Mines |   1538 |   1377 |    161 |    427 |    685 |   2 |  769.0 |
   Elven Halls |   4687 |   4352 |    335 |   1313 |   1377 |   3 | 1562.3 |
        Vaults |   7541 |   7223 |    318 |   1343 |   3780 |   5 | 1508.2 |
        Depths |   4288 |   4124 |    164 |    532 |   2446 |   4 | 1072.0 |
      Ziggurat |    980 |    980 |      0 |    493 |      0 |  11 |   89.1 |
         Sewer |    535 |    535 |      0 |      0 |    144 |   1 |  535.0 |
      Ice Cave |   1095 |   1095 |      0 |    604 |    181 |   1 | 1095.0 |
       Volcano |    251 |    251 |      0 |     41 |    106 |   1 |  251.0 |
        Wizlab |    827 |    827 |      0 |    100 |    285 |   1 |  827.0 |
      Gauntlet |    794 |    794 |      0 |      0 |    344 |   1 |  794.0 |
         Arena |    165 |    165 |      0 |     66 |      0 |   5 |   33.0 |
               +--------+--------+--------+--------+--------+-----+--------+

Top non-repeatable levels by time:
Vaults:4: 2106 daAuts
  Lair:5: 2048 daAuts
  Lair:6: 1946 daAuts
   Elf:3: 1938 daAuts
     D:7: 1700 daAuts
   Elf:2: 1669 daAuts
Vaults:5: 1633 daAuts
Spider:1: 1563 daAuts
Depths:3: 1494 daAuts
  Lair:1: 1474 daAuts
    D:11: 1348 daAuts
Depths:2: 1339 daAuts
    D:10: 1310 daAuts
Vaults:3: 1309 daAuts
Vaults:2: 1299 daAuts
